 Dungeon Crawl Stone Soup version 0.19.1 (webtiles) character file.

83 HeyBub the Chopper (level 4, -5/40 HPs)
             Began as a Hill Orc Monk on Dec 23, 2016.
             Slain by Grinder (7 damage)
             ... on level 3 of the Dungeon.
             The game lasted 00:05:20 (2110 turns).

HeyBub the Chopper (Hill Orc Monk)                  Turns: 2110, Time: 00:05:20

Health: -5/40      AC:  2    Str: 14    XL:     4   Next: 44%
Magic:  4/4        EV: 13    Int: 10    God:
Gold:   55         SH:  0    Dex: 13    Spells: 0 memorised, 3 levels left

rFire  . . .     SeeInvis .     a - +0 hand axe
rCold  . . .     Gourm    .     b - +0 robe
rNeg   . . .     Faith    .     (no shield)
rPois  .         Spirit   .     (no helmet)
rElec  .         Reflect  .     (no cloak)
rCorr  .         Harm     .     (no gloves)
MR     .....                    (no boots)
Stlth  ++........               (no amulet)
                                (no ring)
                                (no ring)

@: no status effects
A: hooves 1
a: no special abilities


You were on level 3 of the Dungeon.
You were full.

You visited 1 branch of the dungeon, and saw 3 of its levels.

You collected 55 gold pieces.

Inventory:

Hand Weapons
 a - a +0 hand axe (weapon)
Armour
 b - a +0 robe (worn)
Scrolls
 d - a scroll of immolation {unknown}
 e - a scroll of enchant armour {unknown}
 f - a scroll of amnesia {unknown}
 j - a scroll of magic mapping {unknown}
 n - a scroll of recharging {unknown}
 o - a scroll of blinking {unknown}
 q - 2 scrolls of fear
 s - a scroll of teleportation {unknown}
Potions
 h - 2 potions of flight
 k - a potion of curing {unknown}
 l - a potion of might {unknown}
 p - a potion of lignification {unknown}
 r - a potion of resistance {unknown}
 u - 2 potions of haste
 v - a potion of degeneration {unknown}
Comestibles
 t - a beef jerky


   Skills:
 + Level 4.3 Fighting
 + Level 5.0 Axes
 + Level 3.0 Dodging
 + Level 2.2 Stealth


You had 3 spell levels left.
You didn't know any spells.

Dungeon Overview and Level Annotations

Branches:
Dungeon (3/15)

Altars:
Fedhas

Annotations:
D:3 Grinder


Innate Abilities, Weirdness & Mutations

You have large cloven feet.


Message History

You hit Grinder but do no damage.
Grinder is lightly wounded.
Grinder hits you but does no damage.
You slash Grinder!
Grinder is moderately wounded.
Grinder barely misses you. Grinder closely misses you.
You hit Grinder.
Grinder is moderately wounded.
Grinder hits you!
* * * LOW HITPOINT WARNING * * *
You writhe in agony.
* * * LOW HITPOINT WARNING * * *
Unknown command.
It was a potion of mutation.
You feel extremely strange.
You feel stupid.
Your feet thicken and deform.
You feel agile. Grinder closely misses you.
It was a potion of cure mutation.
It has a very clean taste.
You feel clever.
You feel clumsy. Grinder hits you!
You die...

#####
#.5.####.#
+.@.......
#...####..
###.#...#
+.......<#
####.#####
#. . .. #.


You could see Grinder.

Vanquished Creatures
  2 adders (D:2)
  2 worms (D:2)
  4 dart slugs
  4 leopard geckos
  A giant cockroach (D:2)
  6 goblins
  5 hobgoblins
  4 kobolds (D:1)
  A quokka (D:2)
  2 ball pythons
  7 bats
  5 frilled lizards
  5 rats
48 creatures vanquished.

Notes
Turn   | Place    | Note
-------+----------+-------------------------------------------
     0 | D:1      | HeyBub the Hill Orc Monk began the quest for the Orb.
     0 | D:1      | Reached XP level 1. HP: 19/19 MP: 1/1
   379 | D:1      | Reached XP level 2. HP: 12/27 MP: 2/2
   760 | D:1      | Reached XP level 3. HP: 24/33 MP: 3/3
  1111 | D:2      | Found a blossoming altar of Fedhas.
  1439 | D:2      | Reached XP level 4. HP: 24/40 MP: 4/4
  2001 | D:2      | Reached skill level 5 in Axes
  2088 | D:3      | Noticed Grinder
  2108 | D:3      | HP: 1/40 [Grinder (6)]
  2109 | D:3      | Gained mutation: You are dopey. (Int -2) [potion of mutation]
  2109 | D:3      | Gained mutation: You have large cloven feet. [potion of mutation]
  2109 | D:3      | Gained mutation: You are agile. (Dex +2) [potion of mutation]
  2110 | D:3      | Lost mutation: You are dopey. (Int -2) [potion of cure mutation]
  2110 | D:3      | Lost mutation: You are agile. (Dex +2) [potion of cure mutation]
  2110 | D:3      | Slain by Grinder

Skill      XL: |  1  2  3  4 |
---------------+-------------+-----
Fighting       | 4 |  4.3
Stealth        | 2 |  2.2
Dodging        | 3 |  3.0
Axes           | 5 |  5.0

Action                   |  1- 3 |  4- 6 || total
-------------------------+-------+-------++-------
Melee: Hand axe          |   123 |    55 ||   178
  Use: Scroll            |       |     3 ||     3
       Potion            |       |     2 ||     2
 Stab: Sleeping          |     1 |     4 ||     5
  Eat: Bread ration      |       |     2 ||     2
Armor: Robe              |    22 |     6 ||    28
Dodge: Dodged            |   112 |    31 ||   143
